 Dungeon Crawl Stone Soup version 0.25.1-2-g60ff931df9 (webtiles) character file.

Game seed: 15200850609966257627

1082 Curus the Cleaver (level 8, 0/62 HPs)
             Began as a Minotaur Gladiator on Oct 22, 2020.
             Slain by an iguana (11 damage)
             ... on level 5 of the Dungeon.
             The game lasted 00:16:11 (5290 turns).

Curus the Cleaver (Minotaur Gladiator)              Turns: 5290, Time: 00:16:12

Health: 0/62       AC:  8    Str: 19    XL:     8   Next: 8%
Magic:  7/7        EV:  8    Int:  7    God:
Gold:   71         SH:  0    Dex: 12    Spells: 7/7 levels left

rFire    . . .     SeeInvis .   a - +2 war axe
rCold    . . .     Gourm    .   (no shield)
rNeg     . . .     Faith    .   l - +0 chain mail
rPois    .         Spirit   .   c - +0 hat
rElec    .         Reflect  .   (no cloak)
rCorr    .         Harm     .   (no gloves)
MR       .....                  (no boots)
Stlth    ..........             (no amulet)
HPRegen  0.20/turn              o - ring of flight
MPRegen  0.10/turn              (no ring)

@: lethally poisoned (0 -> -9)
A: retaliatory headbutt, horns 2
a: Evoke Flight


You were on level 5 of the Dungeon.
You were not hungry.

You visited 1 branch of the dungeon, and saw 5 of its levels.
You also visited: Sewer.

You collected 213 gold pieces.
You spent 142 gold pieces at shops.

Inventory:

Hand Weapons
 a - a +2 war axe (weapon)
Missiles
 d - 4 throwing nets (quivered)
Armour
 b - a +0 leather armour
 c - a +0 hat (worn)
 i - a +0 ring mail
 l - a +0 chain mail (worn)
Jewellery
 o - a ring of flight (left hand)
Wands
 g - a wand of polymorph (5)
 n - a wand of paralysis (9)
 r - a wand of iceblast (6)
 s - a wand of flame (16)
 t - a wand of random effects (16)
 x - a wand of disintegration (13)
Scrolls
 e - 8 scrolls of identify
 h - 5 scrolls of teleportation
 j - a scroll of remove curse
 p - a scroll of blinking
Potions
 k - 2 potions of heal wounds
 m - 2 potions of stabbing
 q - a potion of flight
 v - 2 potions of magic
 w - 3 potions of curing
 z - a potion of might
Comestibles
 f - 11 rations
 u - 5 chunks of flesh


   Skills:
 - Level 2.4 Fighting
 + Level 11.6 Axes
 - Level 2.0 Throwing
 - Level 3.2 Dodging


You had 7 spell levels left.
You didn't know any spells.
Your spell library was empty.

Dungeon Overview and Level Annotations

Branches:
Dungeon (5/15)              Sewer (visited)
 Temple: D:4-7

Altars:
Fedhas
Nemelex Xobeh
Sif Muna

Shops:
D:4 ?   D:5 !


Innate Abilities, Weirdness & Mutations

You reflexively headbutt those who attack you in melee.
You have a pair of horns on your head.


Message History

You feel sick.
The water moccasin bites you but does no damage.
A worker ant comes into view.
The water moccasin bites you.
The iguana bites you but does no damage.
You miss the water moccasin.
The water moccasin is almost dead.
The worker ant twitches its antennae in your direction.
You hit the iguana.
You feel sick. The water moccasin bites you.
* * * LOW HITPOINT WARNING * * *
You slash the water moccasin!
You kill the water moccasin!
You have reached level 8!
You feel stronger.
You hit the iguana.
You feel sick. The iguana bites you.
* * * LOW HITPOINT WARNING * * *
You completely miss the iguana.
The iguana is heavily wounded.
You hit the hound.
You feel sick. The iguana bites you!
You die...

#.....# . #
#.....# ...[
##....##..#
#....†...#
#....##...#
##....# ....
###...### .#.
#....## #
#...@l#
#...†h......
#............
#.............
...........a##.
........>.....
...............
...###.........


You could see an iguana, a hound and a worker ant.

Vanquished Creatures
  A water moccasin (D:5)
  2 ogres
  2 bullfrogs (Sewer)
  2 scorpions (D:5)
  A howler monkey (D:4)
  A quasit (D:3)
  2 hounds (D:4)
  An orc priest (D:3)
  2 iguanas
  2 orc wizards (D:3)
  A worker ant (D:4)
  Robin (D:2)
  4 gnolls
  9 adders
  A shadow imp (D:5)
  2 oozes
  4 worms (D:3)
  A dart slug (D:2)
  9 leopard geckos
  14 orcs
  11 giant cockroaches
  22 goblins
  4 hobgoblins
  7 jackals
  8 kobolds
  5 quokkas
  2 ball pythons (Sewer)
  8 bats
  13 frilled lizards
  8 rats
150 creatures vanquished.

Notes
Turn   | Place    | Note
-------+----------+-------------------------------------------
     0 | D:1      | Curus the Minotaur Gladiator began the quest for the Orb.
     0 | D:1      | Reached XP level 1. HP: 18/18 MP: 0/0
   180 | D:1      | Reached skill level 4 in Axes
   269 | D:1      | Reached XP level 2. HP: 25/25 MP: 1/1
   545 | D:1      | Reached skill level 5 in Axes
   545 | D:1      | Reached XP level 3. HP: 30/30 MP: 2/2
  1047 | D:2      | Noticed Robin
  1087 | D:2      | Killed Robin
  1087 | D:2      | Reached skill level 6 in Axes
  1087 | D:2      | Reached XP level 4. HP: 4/37 MP: 3/3
  1375 | D:2      | Found a blossoming altar of Fedhas.
  1498 | D:2      | Found a shimmering blue altar of Sif Muna.
  1806 | D:2      | Found a sparkling altar of Nemelex Xobeh.
  2403 | D:3      | Reached skill level 7 in Axes
  2403 | D:3      | Reached XP level 5. HP: 36/42 MP: 4/4
  2720 | D:3      | Reached skill level 8 in Axes
  2941 | D:3      | Reached XP level 6. HP: 50/50 MP: 5/5
  3639 | D:4      | Found Qukuism's Magic Scroll Boutique.
  3644 | D:4      | Reached skill level 9 in Axes
  3658 | D:4      | Bought a scroll of blinking for 90 gold pieces
  3791 | D:4      | Found a glowing drain.
  3817 | Sewer    | Entered a sewer
  3826 | Sewer    | Reached XP level 7. HP: 50/56 MP: 6/6
  4059 | Sewer    | Reached skill level 10 in Axes
  5068 | D:5      | Entered Level 5 of the Dungeon
  5123 | D:5      | Found Xicacem's Distillery.
  5136 | D:5      | Bought a potion of might for 52 gold pieces
  5171 | D:5      | Reached skill level 11 in Axes
  5289 | D:5      | Reached XP level 8. HP: 16/62 MP: 7/7
  5290 | D:5      | Slain by an iguana

Illustrated notes

Levels and vault maps discovered:
D:1:      dpeg_arrival_stonehenge_12_columns, layout_loops_ring,
          minmay_tetromino_l4
D:2:      layout_loops_corners, nicolae_overflow_crystal_walls,
          marbit_many_paths, led_sif_pool, uniq_robin
D:3:      layout_loops_ring, chequers_serial_rivers_micro_e
D:4:      layout_basic, serial_shops, nicolae_shop_trees, first_ration,
          gup_sewer_entry_glass, minmay_unequal
D:5:      minmay_bubble_buster, layout_cave_pools, serial_shops,
          nicolae_shop_crystal, uniq_pikel

Skill      XL: |  1  2  3  4  5  6  7 |
---------------+----------------------+-----
Axes           | 4 5 6 7 8 9 11 | 11.6
Fighting       | |  2.4
Throwing       | |  2.0
Dodging        | |  3.2

Action                   |  1- 3 |  4- 6 |  7- 9 || total
-------------------------+-------+-------+-------++-------
Melee: War axe           |    87 |   141 |   120 ||   348
       Headbutt          |     7 |    25 |    18 ||    50
  Use: Scroll            |     8 |       |       ||     8
       Potion            |     4 |     4 |     3 ||    11
  Eat: Chunk             |       |     9 |     5 ||    14
Armor: Leather armour    |     3 |       |       ||     3
       Ring mail         |    23 |    26 |       ||    49
       Chain mail        |       |    23 |    46 ||    69
Dodge: Dodged            |    62 |    54 |    34 ||   150
